 Dungeon Crawl Stone Soup version 0.29-a0-356-g7bc237e783 (webtiles) character file.

Game seed: 5266569392065805372

8838 HendSelp the Grappler (level 11, -9/58 HPs)
             Began as a Vine Stalker Gladiator on Apr 25, 2022.
             Was an Initiate of Gozag.
             Mangled by a large abomination (19 damage)
             ... on level 1 of the Abyss.
             The game lasted 00:12:57 (8893 turns).

HendSelp the Grappler (Vine Stalker Gladiator)      Turns: 8893, Time: 00:12:57

Health: -9/58      AC: 16    Str: 27    XL:     11   Next: 37%
Magic:  0/12       EV: 14    Int:  8    God:    Gozag
Gold:   885        SH:  0    Dex: 29    Spells: 10/10 levels left

rFire   + . .      SeeInvis +   s - +11 hunting sling "Gaulidota" {vorpal, rC++ Str+3 Dex-2 SInv}
rCold   + + .      Faith    .   (no shield)
rNeg    . . .      Spirit   +   z - +8 chain mail of the Ecumenical Temple {rPois Str+3 Dex+5}
rPois   +          Reflect  .   f - +0 helmet
rElec   .          Harm     .   (no cloak)
rCorr   .          Rampage  .   F - +2 pair of gloves {hurl}
Will    +....                   A - +0 pair of boots of Entitlement {rF+ Dex+4}
Stlth   ..........              (no amulet)
HPRegen 0.99/turn               q - +6 ring of dexterity
MPRegen 0.13/turn               y - ring of poison resistance

@: corroded
A: fangs 3, regeneration 1, magic shield, antimagic bite, no potion heal 2
a: Renounce Religion, Potion Petition, Call Merchant, Bribe Branch


You were on level 1 of the Abyss.
You worshipped Gozag.
Gozag was pleased with you.
You visited 2 branches of the dungeon, and saw 10 of its levels.
You visited the Abyss 1 time.

You collected 1523 gold pieces.
You spent 150 gold pieces at shops.
You paid 488 gold pieces to Gozag.

Inventory:

Hand Weapons
 s - the +11 hunting sling "Gaulidota" (weapon) {vorpal, rC++ Str+3 Dex-2 SInv}
   (You found it on level 5 of the Dungeon)

   Any ammunition fired from it inflicts extra damage upon your enemies.
   Str:       It affects your strength (+3).
   Dex:       It affects your dexterity (-2).
   rC:        It greatly protects you from cold.
   SInv:      It lets you see invisible.
Missiles
 d - a javelin
Armour
 f - a +0 helmet (worn)
 z - the +8 chain mail of the Ecumenical Temple (worn) {rPois Str+3 Dex+5}
   (You found it on level 5 of the Dungeon)

   Str:       It affects your strength (+3).
   Dex:       It affects your dexterity (+5).
   rPois:     It protects you from poison.
 A - the +0 pair of boots of Entitlement (worn) {rF+ Dex+4}
   (You found it on level 6 of the Dungeon)

   Dex:       It affects your dexterity (+4).
   rF:        It protects you from fire.
 F - a +2 pair of gloves of hurling (worn)
Jewellery
 q - a +6 ring of dexterity (left hand)
 y - a ring of poison resistance (right hand)
Wands
 n - a wand of iceblast (8)
 p - a wand of paralysis (1)
 u - a wand of mindburst (12)
 w - a wand of polymorph (7)
Scrolls
 a - 3 scrolls of enchant weapon {unknown}
 b - 2 scrolls of fog {unknown}
 h - 3 scrolls of noise {unknown}
 i - 4 scrolls of enchant armour
 j - a scroll of brand weapon {unknown}
 k - 4 scrolls of teleportation
 l - 4 scrolls of immolation
 r - 3 scrolls of fear {unknown}
 t - 2 scrolls of blinking {unknown}
 v - a scroll of vulnerability {unknown}
 x - 2 scrolls of torment {unknown}
 B - 2 scrolls of amnesia {unknown}
 E - 3 scrolls of silence {unknown}
 I - a scroll of magic mapping {unknown}
 J - a scroll of acquirement {unknown}
Potions
 e - 3 potions of mutation
 g - 6 potions of curing
 m - 3 potions of brilliance
 o - a potion of heal wounds
 C - 3 potions of flight
 D - a potion of ambrosia
 G - a potion of lignification
 H - a potion of cancellation


   Skills:
 * Level 7.1 Fighting
 + Level 4.5(4.7) Slings
 - Level 1.7(3.3) Throwing
 * Level 6.8 Armour
 * Level 6.0 Dodging
 * Level 10.9 Unarmed Combat


You had 10 spell levels left.
You didn't know any spells.
Your spell library contained the following spells:

 Spells                   Type           Power      Damage    Failure   Level
 Apportation              Tloc           0%         N/A       92%         1
 Corpse Rot               Necr/Air       0%         N/A       98%         2
 Dispel Undead            Necr           0%         3d6       100%        4
 Iskenderun's Mystic Bla  Conj/Tloc      0%         2d3       100%        4
 Death Channel            Necr           0%         N/A       100%        6
 Malign Gateway           Summ/Tloc      0%         N/A       100%        7
 Disjunction              Tloc           0%         N/A       100%        8


Dungeon Overview and Level Annotations

Branches:
Dungeon (9/15)             Temple (1/1) D:4
   Lair: D:8-11         Orc: D:9-12

Altars:
Ashenzari
Cheibriados
Dithmenos
Elyvilon
Fedhas
Gozag
Hepliaklqana
Kikubaaqudgha
Makhleb
Nemelex Xobeh
Qazlal
Ru
Sif Muna
Trog
Uskayaw
Vehumet
Wu Jian
Xom
Yredelemnul
Zin
The Shining One

Shops:
D:2 *   D:6 (   D:7 [

Annotations:
D:9 Erolcha


Innate Abilities, Weirdness & Mutations

You have razor-sharp teeth.
Your natural rate of healing is unusually fast.
When hurt, damage is shared between your health and your magic reserves.
Your bite disrupts and absorbs the magic of your enemies.
Potions cannot restore your health.


Message History

The sling bullet hits the yellow draconian!
The yellow draconian is moderately wounded.
The yellow draconian spits acid at you.
The glob of acid hits you but does no damage.
The acid corrodes you!
Unknown command.
Throw: throwing net
Press: ? - help, Q - select action, (/) - cycle Shift-Dir - straight line, f/p - yellow draconian
Aim: a yellow draconian, wielding a +0 battleaxe (moderately wounded, catching its breath, 73% to hit)
You throw a throwing net.
The throwing net hits the yellow draconian.
The yellow draconian is caught in the net!
The yellow draconian is moderately wounded.
The yellow draconian struggles against the net.
You shoot a sling bullet.
The sling bullet hits the yellow draconian.
The yellow draconian is moderately wounded.
A large abomination comes into view.
The yellow draconian struggles against the net.
The large abomination barely misses you.
The yellow draconian struggles against the net.
Unknown command.
You shoot a sling bullet.
The sling bullet hits the yellow draconian.
The yellow draconian is heavily wounded.
The large abomination misses you.
The yellow draconian struggles against the net.
The large abomination barely misses you.
Unknown command.
You shoot a sling bullet.
The sling bullet hits the yellow draconian but does no damage.
The yellow draconian is heavily wounded.
The yellow draconian struggles against the net.
The net rips apart, and the yellow draconian comes free!
The large abomination hits you!!
The yellow draconian hits you with a +0 battleaxe!
* * * LOW HITPOINT WARNING * * *
The large abomination hits you!!
You die...
Your body crumbles into a pile of gold.

## ## . .##. ..#
.#. ###.#
..##....#
##..#...# ###
#.d#...# #.## #
##@.#. ###....#
#X#.#.##.# # ##
### .##..#....
....##..##..##
#.
#....#...#.###
...#.....##.##..
. .
#..#..###..#. #
# # . #..#. #. #
...... #..##..#
#... . .


You could see a yellow draconian and a large abomination.

Vanquished Creatures
  A two-headed ogre (D:9)
  A thrashing horror (Abyss:1)
  Pikel (D:6)
  A cyclops (D:8)
  Maggie (D:7)
  A troll (D:9)
  Prince Ribbit (D:7)
  A hornet (D:4)
  Grinder (D:5)
  3 wyverns
  4 yaks
  A vampire (D:8)
  A small abomination (Abyss:1)
  3 steam dragons
  Edmund (D:4)
  Duvessa (D:7)
  A water moccasin (D:7)
  2 ice beasts (D:8)
  4 orc warriors
  3 black bears
  3 sky beasts
  2 ogres
  2 centaurs
  7 bullfrogs (D:8)
  A kobold brigand (D:9)
  A gnoll sergeant (D:7)
  3 scorpions
  Dowan (D:7)
  9 wights
  11 killer bees
  3 howler monkeys
  A hound (D:4)
  2 jellies (D:5)
  3 orc priests
  A gnoll shaman (D:5)
  An iron imp (Abyss:1)
  Jessica (D:3)
  Ijyb (D:3)
  6 iguanas
  11 orc wizards
  Robin (D:3)
  17 gnolls
  13 adders
  A shadow imp (D:8)
  A white imp (D:8)
  2 ufetubi
  3 worms
  3 dart slugs
  31 orcs
  6 ball pythons
  6 bats
  9 endoplasms
  8 giant cockroaches
  13 goblins
  13 hobgoblins
  3 jackals (D:1)
  12 kobolds
  3 quokkas
  2 frilled lizards (D:1)
  10 rats
260 creatures vanquished.

Vanquished Creatures (others)
  An orc (D:4)
  2 plants (D:7)
3 creatures vanquished.

Grand Total: 263 creatures vanquished

Notes
Turn   | Place    | Note
-------+----------+-------------------------------------------
     0 | D:1      | HendSelp the Vine Stalker Gladiator began the quest for the
                  | Orb.
     0 | D:1      | Reached XP level 1. HP: 11/11 MP: 2/2
   425 | D:1      | Reached XP level 2. HP: 13/15 MP: 3/3
   692 | D:1      | Reached XP level 3. HP: 7/18 MP: 2/4
  1497 | D:2      | Gained mutation: Your natural rate of healing is unusually
                  | fast. [Vine Stalker growth]
  1497 | D:2      | Reached XP level 4. HP: 15/23 MP: 5/5
  1655 | D:2      | Reached skill level 4 in Unarmed Combat
  1688 | D:2      | Found a shadowy altar of Dithmenos.
  1797 | D:2      | Reached skill level 1 in Armour
  2027 | D:2      | Found Torry's Assorted Antiques.
  2098 | D:3      | Noticed Robin
  2110 | D:3      | Killed Robin
  2114 | D:3      | Reached XP level 5. HP: 26/26 MP: 3/6
  2382 | D:3      | Found an opulent altar of Gozag.
  2389 | D:3      | Found a radiant altar of Vehumet.
  2392 | D:3      | Found an ornate altar of the Wu Jian Council.
  2408 | D:3      | Noticed Jessica
  2414 | D:3      | Killed Jessica
  2510 | D:3      | Noticed Ijyb
  2523 | D:3      | Paralysed by Ijyb for 3 turns
  2539 | D:3      | Killed Ijyb
  2975 | D:4      | Reached XP level 6. HP: 30/30 MP: 7/7
  3014 | D:4      | Noticed Edmund
  3041 | D:4      | Killed Edmund
  3042 | D:4      | Reached skill level 5 in Unarmed Combat
  3168 | D:4      | Found a sacrificial altar of Ru.
  3174 | D:4      | Found a large runed translucent door.
  3197 | D:4      | Found a large runed translucent door.
  3197 | D:4      | Found a large runed translucent door.
  3202 | D:4      | Found a large runed translucent door.
  3223 | D:4      | Found a snail-covered altar of Cheibriados.
  3257 | D:4      | Found a staircase to the Ecumenical Temple.
  3266 | D:4      | Reached XP level 7. HP: 33/35 MP: 8/8
  3293 | D:4      | Reached skill level 6 in Unarmed Combat
  3399 | Temple   | Entered the Ecumenical Temple
  3597 | D:3      | Became a worshipper of Gozag Ym Sagoz the Greedy
  3773 | D:4      | Noticed a hornet
  3777 | D:4      | Paralysed by a hornet for 3 turns
  3791 | D:4      | Killed a hornet
  3792 | D:4      | Gained mutation: You have razor-sharp teeth. [Vine Stalker
                  | growth]
  3792 | D:4      | Reached XP level 8. HP: 14/40 MP: 9/9
  3984 | D:4      | Reached skill level 7 in Unarmed Combat
  4152 | D:4      | Got the Collected Works on Orientation
  4194 | D:5      | Entered Level 5 of the Dungeon
  4666 | D:5      | Reached skill level 8 in Unarmed Combat
  4726 | D:5      | Noticed Grinder
  4736 | D:5      | Killed Grinder
  4933 | D:5      | Identified the +11 hunting sling "Gaulidota" {vorpal, rC++
                  | Str+3 Dex-2 SInv}
  5127 | D:5      | Identified the +8 chain mail of the Ecumenical Temple
                  | {rPois Str+3 Dex+5}
  5462 | D:6      | Noticed Pikel
  5465 | D:6      | Reached XP level 9. HP: 44/44 MP: 10/10
  5477 | D:6      | Killed Pikel
  5478 | D:6      | Reached skill level 9 in Unarmed Combat
  5687 | D:5      | Reached skill level 10 in Unarmed Combat
  5841 | D:6      | Reached skill level 5 in Dodging
  5860 | D:6      | Identified the +0 pair of boots of Entitlement {rF+ Dex+4}
  6048 | D:6      | Reached skill level 5 in Armour
  6058 | D:6      | Reached XP level 10. HP: 51/51 MP: 11/11
  6069 | D:6      | Reached skill level 5 in Fighting
  6150 | D:6      | Found Sigu's Antique Weapon Shop.
  6649 | D:7      | Noticed Dowan
  6654 | D:7      | Noticed Duvessa
  6660 | D:7      | Killed Duvessa
  6662 | D:7      | Killed Dowan
  6766 | D:7      | Noticed Maggie
  6775 | D:7      | Killed Maggie
  6865 | D:7      | Noticed Prince Ribbit
  6871 | D:7      | Killed Prince Ribbit
  7130 | D:7      | Bought a pair of runed gloves for 150 gold pieces
  7156 | D:8      | Found an ancient bone altar of Kikubaaqudgha.
  7756 | D:8      | Reached skill level 1 in Slings
  7771 | D:8      | Noticed a cyclops
  7783 | D:8      | Killed a cyclops
  7789 | D:8      | Reached XP level 11. HP: 47/58 MP: 8/12
  8491 | D:9      | Noticed a two-headed ogre
  8498 | D:9      | Killed a two-headed ogre
  8552 | D:9      | Found a bloodstained altar of Trog.
  8777 | D:9      | Noticed Erolcha
  8785 | D:9      | Cast into level 1 of the Abyss (Erolcha)
  8835 | Abyss:1  | Noticed a thrashing horror
  8842 | Abyss:1  | Killed a thrashing horror
  8873 | Abyss:1  | Found an ornate altar of the Wu Jian Council.
  8881 | Abyss:1  | Noticed a yellow draconian
  8891 | Abyss:1  | Noticed a large abomination
  8893 | Abyss:1  | Mangled by a large abomination

Illustrated notes

Levels and vault maps discovered:
D:1:      matt_arrival_spirals, layout_loops_ring
D:2:      layout_loops_ring, serial_shops, shop, basic_altar, st_stairs_2,
          serial_park_tiny_2
D:3:      layout_loops_ring, nicolae_overflow_hidden_temple, uniq_robin,
          uniq_ijyb, uniq_jessica
D:4:      layout_rooms, kennysheep_mini, nicolae_ru_awakened_eye,
          minmay_temple_entry_large_hall, minmay_hollow_rounded_squares,
          uniq_edmund
D:5:      layout_layer_cave, uniq_grinder
D:6:      minmay_general_purpose_star, layout_cave_pools, serial_shops,
          nicolae_shop_window_shopping, kennysheep_cluttered_room, uniq_pikel
D:7:      layout_basic, kennysheep_boxes, uniq_duvessa, uniq_prince_ribbit1,
          uniq_maggie
D:8:      minmay_four_partial_circles, layout_layer_cave,
          mainiacjoe_overflow_six_doors_small, chequers_serial_rivers_room_b
D:9:      layout_big_octagon, okawaru_humans,
          mainiacjoe_overflow_small_starburst, hiddenorc1_lemuel, uniq_erolcha
Temple:   eino_temple_lava
Abyss:1:  base:
D:2

Skill      XL: |  1  2  3  4  5  6  7  8  9 10 11 |
---------------+----------------------------------+-----
Fighting       | 2 3 4 6 7 |  7.1
Dodging        | 3 4 5 6 |  6.0
Unarmed Combat | 4 5 6 8 10 | 10.9
Armour         | 1 2 3 5 6 |  6.8
Slings         | 2 4 |  4.5
Throwing       | |  1.7

Action                   |  1- 3 |  4- 6 |  7- 9 | 10-12 || total
-------------------------+-------+-------+-------+-------++-------
Melee: Unarmed           |    84 |   206 |   135 |       ||   425
       Bite              |    20 |    48 |    51 |       ||   119
       Punch             |     1 |     6 |    12 |       ||    19
 Fire: Hunting sling     |       |       |    85 |   317 ||   402
Throw: Throwing net      |     3 |     3 |     2 |     2 ||    10
Invok: Call Merchant     |       |       |       |     1 ||     1
Evoke: Wand              |       |       |     3 |       ||     3
  Use: Scroll            |     3 |     4 |     1 |     7 ||    15
       Potion            |       |     2 |     3 |     1 ||     6
 Stab: Sleeping          |     2 |     5 |     2 |       ||     9
       Held in net/web   |       |     4 |     2 |       ||     6
       Paralysed         |       |       |     6 |       ||     6
Armor: Leather armour    |    17 |    36 |    25 |       ||    78
       Skin              |       |    21 |       |       ||    21
       Chain mail        |       |    27 |    55 |   178 ||   260
       Animal skin       |       |     2 |       |       ||     2
Dodge: Dodged            |    41 |   115 |   149 |   284 ||   589

Table legend: (Time is in decaauts)
 A = Elapsed time spent in this place.
 B = Non-inter-level travel time spent in this place.
 C = Inter-level travel time spent in this place.
 D = Time resting spent in this place.
 E = Time spent auto-exploring this place.
 F = Levels seen in this place.
 G = Mean time per level.
                   A        B        C        D        E       F      G
               +--------+--------+--------+--------+--------+-----+--------+
         Total |   9123 |   8660 |    463 |    337 |   6204 |  11 |  829.4 |
       Dungeon |   8938 |   8485 |    453 |    337 |   6153 |   9 |  993.1 |
        Temple |     64 |     54 |     10 |      0 |     47 |   1 |   64.0 |
         Abyss |    119 |    119 |      0 |      0 |      4 |   1 |  119.0 |
               +--------+--------+--------+--------+--------+-----+--------+

Top non-repeatable levels by time:
     D:8: 1396 daAuts
     D:5: 1310 daAuts
     D:1: 1276 daAuts
     D:4: 1123 daAuts
     D:6: 981 daAuts
     D:3: 924 daAuts
     D:2: 786 daAuts
     D:7: 761 daAuts
     D:9: 379 daAuts
 Abyss:1: 119 daAuts
  Temple: 64 daAuts
